 Dungeon Crawl Stone Soup version 0.30.0-3-ga4e48a9924 (webtiles) character file.

Game seed: 2602406341957989985

19 jimonade the Ducker (level 2, -2/25 HPs)
             Began as a Djinni Monk on May 7, 2023.
             Slain by Sigmund
             ... wielding a +0 scythe
              (9 damage)
             ... on level 2 of the Dungeon.
             The game lasted 00:01:11 (736 turns).

jimonade the Ducker (Djinni Monk)                    Turns: 736, Time: 00:01:12

Health: -2/25      AC:  2    Str: 10    XL:     2   Next: 95%
Gold:   49         EV: 13    Int: 11    God:
                   SH:  0    Dex: 15

rFire   + + .        a - +0 falchion
rCold   x . .        d - orb {light}
rNeg    . . .        b - +0 robe
rPois   ∞            (no helmet)
rElec   .            (no cloak)
rCorr   .            (no gloves)
SInv    .            (boots unavailable)
Will    .....        (no amulet)
Stlth   +            (no ring)
HPRegen 0.24/turn    (no ring)
MPRegen 0.00/turn

%: infuse magic (-3 HP)
@: flying, glowing
A: sickness immunity, fire resistance 2, cold vulnerability 1, float, innate
caster, HP casting, extra vitality 1
a: no special abilities


You were on level 2 of the Dungeon.
You visited 1 branch of the dungeon, and saw 2 of its levels.

You collected 49 gold pieces.

Inventory:

Hand Weapons
 a - a +0 falchion (weapon)
 g - a +0 great sword
 i - a +0 rapier
Armour
 b - a +0 robe (worn)
 d - an orb of light (worn)
Scrolls
 f - a scroll of summoning {unknown}
 k - 2 scrolls of amnesia {unknown}
 l - a scroll of enchant armour {unknown}
 m - a scroll of enchant weapon {unknown}
Potions
 c - a potion of ambrosia
 e - 2 potions of cancellation {unknown}
 j - a potion of mutation {unknown}


   Skills:
 + Level 3.2 Fighting
 + Level 3.0 Long Blades
 + Level 3.5 Dodging
 * Level 0.4 Spellcasting You didn't know any spells. Your spell library was empty.

Dungeon Overview and Level Annotations

Branches:
Dungeon (2/15)

Altars:

Annotations:
D:2 Sigmund


Innate Abilities, Weirdness & Mutations

You are immune to sickness and miasma.
You are immune to poison.
Your flesh is very heat resistant. (rF++)
You are vulnerable to cold. (rC-)
You float through the air rather than walking.
You learn spells naturally, not from books.
Your magical power is your life essence.
You have superior vitality. (+4 MHP)


Message History

Unknown command.
Throw: 3 darts (atropa)
Press: ? - help, Q - select action Shift-Dir - straight line, f - Sigmund
Aim: Sigmund, wielding a +0 scythe and wearing a +0 robe (haloed, 74% to hit, chance to blind on hit: 75%)
You throw an atropa-tipped dart. The atropa-tipped dart hits Sigmund.
Sigmund resists.
Sigmund closely misses you.
Throw: 2 darts (atropa)
Press: ? - help, Q - select action Shift-Dir - straight line, f/p - Sigmund
Aim: Sigmund, wielding a +0 scythe and wearing a +0 robe (haloed, 74% to hit, chance to blind on hit: 75%)
You throw an atropa-tipped dart.
The atropa-tipped dart barely misses Sigmund.
Throw: dart (atropa)
Press: ? - help, Q - select action Shift-Dir - straight line, f/p - Sigmund
Aim: Sigmund, wielding a +0 scythe and wearing a +0 robe (haloed, 74% to hit, chance to blind on hit: 75%)
You throw an atropa-tipped dart.
The atropa-tipped dart barely misses Sigmund.
Sigmund says, "Look into my eyes."
Sigmund points at you and mumbles some strange words.
You resist with significant effort. Sigmund barely misses you.
You hit Sigmund.
Sigmund is moderately wounded.
Sigmund mumbles some strange words.
Sigmund flickers and vanishes for a moment.
You barely miss Sigmund.
Sigmund is moderately wounded.
Sigmund hits you with a +0 scythe!
You hit Sigmund.
Sigmund is heavily wounded.
Sigmund casts a spell at you. The puff of flame hits you. You resist.
You hit Sigmund.
Sigmund is severely wounded.
Sigmund hits you with a +0 scythe.
* * * LOW HITPOINT WARNING * * *
You barely miss Sigmund.
Sigmund is severely wounded.
Sigmund hits you with a +0 scythe!
You die...

###.##..........
#.##..........
#.##..........
#.##..<..>....
#.######+#####
#.# #.# #.# #@#
#@# ..# ...#
....# #.....
#..... #...#.


You could see Sigmund (invisible).

Vanquished Creatures
  5 bats
  2 endoplasms (D:1)
  3 giant cockroaches
  A hobgoblin (D:1)
  2 frilled lizards (D:1)
  4 rats (D:1)
17 creatures vanquished.

Notes
Turn   | Place    | Note
-------+----------+-------------------------------------------
     0 | D:1      | jimonade the Djinni Monk began the quest for the Orb.
     0 | D:1      | Reached XP level 1. HP: 20/20 MP: 0/0
   198 | D:1      | Reached XP level 2. HP: 23/25 MP: 0/0
   423 | D:1      | Found a faded altar of an unknown god.
   725 | D:2      | Noticed Sigmund
   736 | D:2      | Slain by Sigmund

Illustrated notes

Levels and vault maps discovered:
D:1:      lightli_arrival_statue_moat, layout_basic,
          shapermc_ecumenical_altar_mp_highgroup, grunt_decor_arrowhead
D:2:      layout_basic, serial_shops, shop_fountains, uniq_sigmund, uniq_natasha

Skill      XL: |  1  2 |
---------------+-------+-----
Long Blades    | 3 |  3.0
Fighting       | |  3.2
Dodging        | |  3.5
Spellcasting   | |  0.4

Action                     || total
---------------------------++-------
  Melee: Falchion          ||    30
  Throw: Dart              ||     3
 Armour: Robe              ||     3
  Dodge: Dodged            ||    23
